 Dungeon Crawl Stone Soup version 0.21-a0-531-gacddea6 (webtiles) character file.

26218 CanOfBees the Fighter (level 12, -8/100 HPs)
             Began as a Demonspawn Gladiator on Dec 12, 2017.
             Was an Elder of Makhleb.
             Mangled by Rupert
             ... wielding a +0 great sword of electrocution
              (12 damage)
             ... on level 3 of the Lair of Beasts on Dec 13, 2017.
             The game lasted 00:51:38 (18781 turns).

CanOfBees the Fighter (Demonspawn Gladiator)       Turns: 18781, Time: 00:51:40

Health: -8/100     AC: 13    Str: 19    XL:     12   Next: 96%
Magic:  19/19      EV: 17    Int: 17    God:    Makhleb [****..]
Gold:   973        SH:  0    Dex: 18    Spells: 13/21 levels left

rFire    . . .     SeeInvis .   C - +2 lajatang
rCold    + . .     Gourm    .   (shield currently unavailable)
rNeg     . . .     Faith    .   F - +5 ring mail {rF+}
rPois    .         Spirit   .   h - +1 hat {MR+}
rElec    .         Reflect  .   w - scarf {repulsion}
rCorr    .         Harm     .   q - +1 pair of gloves
MR       +....                  (no boots)
Stlth    ++........             e - amulet of regeneration
HPRegen  0.66/turn              P - ring of ice
MPRegen  0.16/turn              t - +5 ring of intelligence

@: mighty, repel missiles
A: horns 1, foul stench 1, nightstalker 1, rot immunity, sturdy frame 2
a: Minor Destruction, Lesser Servant of Makhleb, Major Destruction, Renounce
Religion


You were on level 3 of the Lair of Beasts.
You worshipped Makhleb.
Makhleb was greatly pleased with you.
You were not hungry.

You visited 3 branches of the dungeon, and saw 15 of its levels.
You also visited: Bailey.

You collected 973 gold pieces.

Inventory:

Hand Weapons
 a - a +1 quarterstaff
 C - a +2 lajatang (weapon)
 Q - the +7 hand axe of the Dwarven Hall {flame, Str+6}
   (You took it off a centaur on level 10 of the Dungeon)

   It has been specially enchanted to burn those struck by it, causing extra
   injury to most foes and up to half again as much damage against particularly
   susceptible opponents.
   Big, fiery blades are also staple armaments of hydra-hunters.
   It affects your strength (+6).
Missiles
 b - 32 tomahawks of returning (quivered)
 o - 180 stones
 s - 12 javelins
 x - 6 needles of paralysis
 y - 15 sling bullets
Armour
 h - a +1 hat of magic resistance (worn)
 q - a +1 pair of gloves (worn)
 w - a scarf of repulsion (worn)
 F - a +5 ring mail of fire resistance (worn)
Jewellery
 c - an uncursed ring of resist corrosion
 e - an amulet of regeneration (around neck)
 r - an uncursed ring of see invisible
 t - a +5 ring of intelligence (right hand)
 P - a ring of ice (left hand)
Scrolls
 d - a scroll of immolation {unknown}
 g - a scroll of torment {unknown}
 p - 4 scrolls of remove curse
 v - 2 scrolls of fear {unknown}
 E - a scroll of identify
 J - a scroll of magic mapping {unknown}
 L - a scroll of amnesia
 R - a scroll of holy word {unknown}
 T - 2 scrolls of random uselessness {unknown}
 U - a scroll of fog
Potions
 i - a potion of mutation {unknown}
 u - a potion of brilliance {unknown}
 z - a potion of flight {unknown}
 B - 2 potions of degeneration {unknown}
 D - 2 potions of curing {unknown}
 G - 2 potions of haste
 N - a potion of agility {unknown}
 S - a potion of invisibility {unknown}
Books
 M - a book of Frost

   Spells                             Type                      Level
   a - Freeze                         Ice                          1
   b - Throw Frost                    Conjuration/Ice              2
   c - Ozocubu's Armour               Charms/Ice                   3
   d - Throw Icicle                   Conjuration/Ice              4
   e - Summon Ice Beast               Ice/Summoning                4
 V - a book of Conjurations

   Spells                             Type                      Level
   a - Magic Dart                     Conjuration                  1
   b - Searing Ray                    Conjuration                  2
   c - Dazzling Spray                 Conjuration/Hexes            3
   d - Fulminant Prism                Conjuration/Hexes            4
   e - Force Lance                    Conjuration/Translocation    4
   f - Iskenderun's Mystic Blast      Conjuration                  4
Miscellaneous
 k - a lightning rod (4/4)
 l - a phial of floods
 n - a phial of floods
 W - a lamp of fire (inert)
Comestibles
 f - 11 bread rations
 j - 13 fruits
 I - 8 meat rations
 K - a royal jelly


   Skills:
 * Level 11.3 Fighting
 * Level 11.2 Staves
 - Level 4.6 Throwing
 - Level 2.2 Armour
 + Level 7.7 Dodging
 - Level 0.4 Stealth
 - Level 5.0 Spellcasting
   Level 2.0 Charms
 - Level 5.0 Ice Magic
 + Level 10.4 Invocations


You had 13 spell levels left.
You knew the following spells:

 Your Spells              Type           Power        Failure   Level  Hunger
a - Freeze                Ice            ####         1%          1    None
b - Dazzling Spray        Conj/Hex       #.....       41%         3    ###....
c - Summon Ice Beast      Ice/Summ       ###.....     47%         4    ####...


Dungeon Overview and Level Annotations

Branches:
Dungeon (11/15)            Temple (1/1) D:4            Lair (3/6) D:9
  Swamp (0/4) Lair:2       Spider (0/4) Lair:2          Orc (0/2) D:10

Altars:
Ashenzari
Cheibriados
Dithmenos
Elyvilon
Fedhas
Gozag
Hepliaklqana
Kikubaaqudgha
Makhleb
Nemelex Xobeh
Okawaru
Qazlal
Ru
Sif Muna
Trog
Uskayaw
Vehumet
Wu Jian
Xom
Yredelemnul
Zin
The Shining One

Shops:
D:6 %   D:7 *

Annotations:
Lair:3 Rupert


Innate Abilities, Weirdness & Mutations

You have a pair of small horns on your head.
You may emit foul miasma when damaged in melee.
You are slightly more attuned to the shadows.
You are immune to rotting.
Your movements are less encumbered by armour. (ER -4)


Message History

Aim: Rupert, wielding a great sword of electrocution and wearing a chain mail (severely wounded, berserk, fast, unusually strong, covered in liquid flames)
The zap hits Rupert.
Rupert is severely wounded.
Rupert burns!
Rupert hits you but does no damage.
You are electrocuted!
* * * LOW HITPOINT WARNING * * *
Rupert looks sick.
Your hellwing hits Rupert! Your hellwing misses Rupert.
Your smoke demon gestures at Rupert.
Rupert is smitten.
You feel very mighty all of a sudden.
Rupert burns!
Rupert barely misses your hellwing.
Your hellwing hits Rupert!
Your hellwing barely misses Rupert.
Your smoke demon gestures at Rupert.
The sticky flame hits Rupert.
Rupert is covered in liquid flames!
You hit Rupert.
Rupert is almost dead.
Rupert burns!
Rupert hits you with a great sword of electrocution!!
* * * LOW HITPOINT WARNING * * *
You are electrocuted!
You die...

.###
.....###......#
...## #...#
##.....# ....##
###.## ##....#
.....# ###P...##
##....# ≈≈..##
##.......####....#
≈...##
#.#.......##.....#
.....#
##...............#
≈≈..##
#.........###...##
.≈...#
#.....@...###...#
....##
##..4@....P#...##
≈♣#P#
#....3.>..##...##
♣# ##
##.........#...P#
# #........###.P.#
♣
##......###....##
# ##....#.##.....#
# ##..#####...###
# ##..#.##.#...#


You could see Rupert (berserk), a friendly hellwing and a friendly smoke demon.

Vanquished Creatures
  Gastronok (D:11)
  5 hydras
  Erica (D:8)
  3 two-headed ogres
  Urug (Lair:2)
  Pikel (D:9)
  A manticore (D:11)
  2 wolf spiders (Lair:2)
  An elephant (D:9)
  3 black mambas
  A torpor snail (Lair:3)
  2 gargoyles (D:11)
  Psyche (D:8)
  2 spiny frogs
  A kobold demonologist (D:9)
  4 komodo dragons
  2 jumping spiders (Lair:2)
  A hornet (D:11)
  3 blink frogs (Lair:3)
  4 hippogriffs
  A redback (Lair:2)
  11 yaks
  2 wyverns
  Grum (D:8)
  A basilisk (Lair:1)
  A hungry ghost (D:8)
  8 water moccasins
  8 porcupines
  An ice beast (D:10)
  3 sky beasts
  10 orc warriors
  2 black bears (D:9)
  7 centaurs
  4 ogres
  4 wolves (D:8)
  10 crocodiles
  14 bullfrogs
  A big kobold (D:8)
  A gnoll sergeant (D:6)
  A water moccasin zombie (D:3)
  7 scorpions
  5 wights (D:10)
  2 howler monkeys (D:9)
  2 electric eels
  A crimson imp (D:5)
  2 quasits (D:10)
  A bullfrog skeleton (D:5)
  8 orc priests
  2 hounds
  3 jellies
  Ijyb (D:5)
  6 iguanas
  2 orc wizards
  5 worker ants
  A hound zombie (D:7)
  A hound skeleton (D:11)
  A howler monkey zombie (D:10)
  2 howler monkey skeletons
  14 gnolls
  11 adders
  2 shadow imps
  An ooze (D:3)
  An adder zombie (D:8)
  A worm (D:3)
  A dart slug (D:1)
  6 leopard geckos
  36 orcs
  6 giant cockroaches
  10 goblins
  13 hobgoblins
  15 jackals
  6 quokkas
  A ball python (D:3)
  15 bats
  7 frilled lizards
  23 kobolds
  8 rats
  2 fungi
  A plant (Lair:1)
363 creatures vanquished.

Vanquished Creatures (collateral kills)
  An orc warrior (Bailey)
  A gnoll (Bailey)
  An orc (Bailey)
  A goblin (Bailey)
  A hobgoblin (Bailey)
5 creatures vanquished.

Vanquished Creatures (others)
  2 slaves (D:9)
  A crocodile (D:9)
  An orc wizard (D:8)
  6 fungi
  3 plants
13 creatures vanquished.

Grand Total: 381 creatures vanquished

Notes
Turn   | Place    | Note
-------+----------+-------------------------------------------
     0 | D:1      | CanOfBees the Demonspawn Gladiator began the quest for the Orb.
     0 | D:1      | Reached XP level 1. HP: 16/16 MP: 1/1
   167 | D:1      | Gained mutation: You are immune to rotting. [demonic ancestry]
   167 | D:1      | Reached XP level 2. HP: 15/22 MP: 2/2
   790 | D:1      | Gained mutation: You may emit foul miasma when damaged in melee. [demonic ancestry]
   790 | D:1      | Reached XP level 3. HP: 27/27 MP: 3/3
  2157 | D:2      | Reached XP level 4. HP: 30/33 MP: 4/4
  2455 | D:3      | Reached skill level 1 in Armour
  3039 | D:3      | Gained mutation: You have a pair of small horns on your head. [demonic ancestry]
  3039 | D:3      | Reached XP level 5. HP: 13/39 MP: 5/5
  4075 | D:4      | Reached XP level 6. HP: 46/46 MP: 6/6
  4152 | D:4      | Found an iron altar of Okawaru.
  4172 | D:4      | Reached skill level 5 in Staves
  4512 | D:4      | Got an ancient dagger
  5020 | D:4      | Found a faded altar of an unknown god.
  5022 | D:4      | Found a staircase to the Ecumenical Temple.
  5095 | Temple   | Entered the Ecumenical Temple
  5257 | Temple   | Became a worshipper of Makhleb the Destroyer
  5333 | D:5      | Entered Level 5 of the Dungeon
  5384 | D:5      | Got a brightly glowing leather armour
  5397 | D:5      | Identified the +5 leather armour of the Ban {rPois} (You found it on level 5 of the Dungeon)
  5567 | D:5      | Noticed Ijyb
  5582 | D:5      | Killed Ijyb
  5582 | D:5      | Reached XP level 7. HP: 52/52 MP: 7/7
  5628 | D:5      | Reached skill level 1 in Invocations
  6511 | D:6      | Gained mutation: Your movements are slightly less encumbered by armour. (ER -2) [demonic ancestry]
  6511 | D:6      | Reached XP level 8. HP: 41/61 MP: 8/10
  6675 | D:6      | Reached skill level 5 in Fighting
  6819 | D:6      | Reached * piety under Makhleb
  7055 | D:6      | Found Ceuwysiw's Food Boutique.
  7981 | D:7      | Found Fiuckerr's General Store.
  8334 | D:7      | Reached skill level 5 in Dodging
  8334 | D:7      | Reached XP level 9. HP: 43/69 MP: 12/12
  8995 | D:8      | Reached skill level 5 in Invocations
  9074 | D:8      | Reached ** piety under Makhleb
  9223 | D:8      | Noticed Grum
  9246 | D:8      | Killed Grum
  9684 | D:8      | Noticed Psyche
  9697 | D:8      | Killed Psyche
 10000 | D:8      | Noticed Erica
 10008 | D:8      | Killed Erica
 10008 | D:8      | Gained mutation: You are slightly more attuned to the shadows. [demonic ancestry]
 10008 | D:8      | Reached XP level 10. HP: 49/80 MP: 14/14
 10252 | D:8      | Identified the +1 dagger "Bennug" {elec, Dex+5} (You found it on level 4 of the Dungeon)
 10385 | D:9      | Noticed Pikel
 10397 | D:9      | Killed Pikel
 10630 | D:9      | Noticed an elephant
 10631 | D:9      | Found a staircase to the Lair.
 10665 | D:9      | Killed an elephant
 10905 | D:9      | Noticed a two-headed ogre
 10913 | D:9      | Killed a two-headed ogre
 11050 | D:9      | Found a hazy altar of Hepliaklqana.
 11066 | D:9      | Noticed a soul eater
 11392 | D:9      | Found a stormy altar of Qazlal.
 11649 | D:9      | Learned a level 1 spell: Freeze
 11651 | D:10     | Entered Level 10 of the Dungeon
 11684 | D:10     | Noticed a two-headed ogre
 11692 | D:10     | Killed a two-headed ogre
 11750 | D:10     | Reached XP level 11. HP: 85/89 MP: 16/16
 11837 | D:10     | Found a flagged portal.
 11844 | Bailey   | Entered a bailey
 11962 | Bailey   | Reached skill level 1 in Ice Magic
 11987 | Bailey   | Reached *** piety under Makhleb
 12140 | Bailey   | Reached skill level 1 in Spellcasting
 12293 | Bailey   | Got a spiked crystal plate armour
 12342 | Bailey   | Identified the cursed +0 crystal plate armour of Ashenzari's Favour {rCorr} (You took it off a kobold in a bailey)
 12474 | D:10     | Found a staircase to the Orcish Mines.
 12493 | D:10     | Got an uncursed ancient hand axe {flame}
 12983 | D:11     | Noticed Gastronok
 12997 | D:11     | Killed Gastronok
 13094 | D:11     | Learned a level 3 spell: Ozocubu's Armour
 13132 | D:11     | Noticed a two-headed ogre
 13140 | D:11     | Killed a two-headed ogre
 13479 | D:11     | Reached skill level 1 in Charms
 13800 | D:11     | Reached **** piety under Makhleb
 13955 | D:11     | Reached skill level 10 in Staves
 14190 | Lair:1   | Entered Level 1 of the Lair of Beasts
 14523 | Lair:1   | Noticed a four-headed hydra
 14742 | Lair:1   | Identified the +7 hand axe of the Dwarven Hall {flame, Str+6} (You took it off a centaur on level 10 of the Dungeon)
 14811 | Lair:1   | Killed a one-headed hydra
 14811 | Lair:1   | Reached skill level 10 in Fighting
 14878 | Lair:1   | Noticed a four-headed hydra
 14884 | Lair:1   | Killed a one-headed hydra
 14991 | Lair:1   | Gained mutation: Your movements are less encumbered by armour. (ER -4) [demonic ancestry]
 14991 | Lair:1   | Reached XP level 12. HP: 97/97 MP: 18/18
 15517 | Lair:2   | Found a staircase to the Swamp.
 15518 | Lair:2   | Noticed a seven-headed hydra
 15817 | Lair:1   | Killed a five-headed hydra
 15966 | Lair:2   | Noticed a four-headed hydra
 16134 | Lair:2   | Noticed Urug
 16145 | Lair:2   | Killed Urug
 16147 | Lair:2   | Reached skill level 5 in Spellcasting
 16147 | Lair:2   | Reached skill level 5 in Ice Magic
 16175 | Lair:2   | Killed a two-headed hydra
 16260 | Lair:2   | Noticed a four-headed hydra
 16269 | Lair:2   | Killed a one-headed hydra
 16997 | Lair:2   | Learned a level 3 spell: Dazzling Spray
 17002 | Lair:2   | Learned a level 4 spell: Summon Ice Beast
 17280 | Lair:2   | Reached skill level 10 in Invocations
 17429 | Lair:2   | Found a hole to the Spider Nest.
 17808 | Lair:3   | Noticed Rupert
 18781 | Lair:3   | HP: 4/100 [Rupert/great sword of electrocution (22)]
 18781 | Lair:3   | Mangled by Rupert

Vault maps used:
D:1:      dpeg_arrival_rooms_with_view
D:3:      gup_sewer_entry_pipe
D:4:      nicolae_temple_entry_ecumenical, first_bread, okawaru_trees_1
D:5:      uniq_ijyb
D:6:      serial_shops, kennysheep_mini_moat, minmay_crystal_water, sigmund_army
D:7:      serial_shops, nicolae_shop_window_shopping, grunt_ogre_cave
D:8:      uniq_grum, uniq_psyche, uniq_erica
D:9:      lemuel_crystal_altar, david_lair_generic, grunt_qazlal_clouds,
          uniq_pikel
D:10:     david_orc_2, enter_bailey_2
D:11:     uniq_gastronok
Temple:   kilobyte_greek_temple
Lair:2:   minmay_swamp_entry_reptiles, spider_nest_entry_funnel_web, uniq_urug
Lair:3:   nicolae_quartered_pool_little, roderic_batcave, uniq_rupert
Bailey:   bailey_axe_1, bailey

Skill      XL: |  1  2  3  4  5  6  7  8  9 10 11 12 |
---------------+-------------------------------------+-----
Dodging        | 3 4 5 6 7 |  7.7
Staves         | 3 4 5 6 8 9 10 11 | 11.2
Armour         | 1 2 |  2.2
Fighting       | 3 4 5 7 9 10 11 | 11.3
Throwing       | 2 3 4 |  4.6
Invocations    | 2 4 6 7 9 10 | 10.4
Ice Magic      | 4 5 |  5.0
Spellcasting   | 4 5 |  5.0
Charms         | 2 |  2.0
Stealth        | |  0.4

Action                   |  1- 3 |  4- 6 |  7- 9 | 10-12 || total
-------------------------+-------+-------+-------+-------++-------
Melee: Quarterstaff      |   134 |   142 |       |     4 ||   280
       Headbutt          |       |    17 |    67 |   132 ||   216
       Lajatang          |       |    39 |   289 |   456 ||   784
       Hand axe          |       |       |       |    73 ||    73
Throw: Javelin           |     4 |       |    12 |       ||    16
       Throwing net      |     1 |       |     2 |    15 ||    18
       Stone             |       |       |       |   105 ||   105
       Tomahawk          |       |       |       |   128 ||   128
 Cast: Freeze            |       |       |       |    28 ||    28
Invok: Minor Destruction |       |       |       |     5 ||     5
       Lesser Servant of |       |       |       |     4 ||     4
       Major Destruction |       |       |       |     1 ||     1
Evoke: Wand              |       |       |    11 |    47 ||    58
       Lamp of fire      |       |       |       |     1 ||     1
  Use: Potion            |       |     1 |     2 |     4 ||     7
       Scroll            |       |     2 |       |    24 ||    26
 Stab: Sleeping          |       |     1 |       |     3 ||     4
       Invisible         |       |       |     1 |       ||     1
       Held in net/web   |       |       |       |     6 ||     6
       Paralysed         |       |       |       |     5 ||     5
       Distracted        |       |       |       |     2 ||     2
  Eat: Chunk             |     4 |    11 |    15 |    23 ||    53
       Royal jelly       |       |       |       |     3 ||     3
Armor: Leather armour    |    26 |     8 |       |       ||    34
       Ring mail         |    30 |    65 |    98 |   226 ||   419
Dodge: Dodged            |   117 |   144 |   213 |   535 ||  1009
       Deflected         |       |       |       |    23 ||    23

Table legend:
 A = Spawn XP
 B = Non-spawn XP
 C = Spawn XP percentage of total XP
 D = Spawn monster count
 E = Non-spawn monster count
 F = Spawn count percentage of total count
 G = Total turns spent on level
                    A         B        C        D         E        F      G
               +---------+---------+-------+---------+---------+-------+---------
         Total |       0 |   37455 |   0.0 |       0 |     366 |   0.0 | 18781
               +---------+---------+-------+---------+---------+-------+---------
           D:1 |       0 |      54 |   0.0 |       0 |      30 |   0.0 |  1484
           D:2 |       0 |      55 |   0.0 |       0 |      18 |   0.0 |   980
           D:3 |       0 |     237 |   0.0 |       0 |      36 |   0.0 |  1593
           D:4 |       0 |     251 |   0.0 |       0 |      13 |   0.0 |  1071
           D:5 |       0 |     741 |   0.0 |       0 |      18 |   0.0 |  1135
           D:6 |       0 |    1070 |   0.0 |       0 |      26 |   0.0 |  1418
           D:7 |       0 |     708 |   0.0 |       0 |      14 |   0.0 |   955
           D:8 |       0 |    3009 |   0.0 |       0 |      33 |   0.0 |  1421
           D:9 |       0 |    3673 |   0.0 |       0 |      23 |   0.0 |  1417
          D:10 |       0 |    2643 |   0.0 |       0 |      30 |   0.0 |   853
          D:11 |       0 |    4802 |   0.0 |       0 |      13 |   0.0 |  1138
        Lair:1 |       0 |    5880 |   0.0 |       0 |      20 |   0.0 |  1609
        Lair:2 |       0 |    9350 |   0.0 |       0 |      33 |   0.0 |  1839
        Lair:3 |       0 |    4407 |   0.0 |       0 |      27 |   0.0 |  1143
        Bailey |       0 |     575 |   0.0 |       0 |      32 |   0.0 |   520
               +---------+---------+-------+---------+---------+-------+---------
